NCAA
NORTH CAROLINA TAR HEELS @ FLORIDA GATORS
02/29/1972
 
TOP OF THE 1ST
Wake Forest Demon Deacons batting - Pitching for Vanderbilt Commodores : RHP Mark Novak
Pitching: RHP Mark Novak
Batting: RHB Chris Heron 0-0: Fly out, F9 (Flyball, 89D)
Batting: LHB Mark Schumann 0-0: Single, Error in OF, E7, batter to second base
Batting: LHB Pete Lau 0-0: Called Strike
0-1: DOUBLE (Flyball, 8LD)
Mark Schumann scores
Batting: SHB Dustin Overstreet 0-0: Called Strike
0-1: Fly out, F7 (Flyball, 78M)
Batting: RHB Tom Tighe 0-0: Ball
1-0: Called Strike
1-1: Ball
2-1: Swinging Strike
2-2: Foul Ball, location: 2F
2-2: Foul Ball, location: 2F
2-2: Foul Ball, location: 2F
2-2: Strikes out looking
Top of the 1st over - 1 run(s), 2 hit(s), 1 error(s), 1 left on base; Wake Forest 1 - Vanderbilt 0
BOTTOM OF THE 1ST
Vanderbilt Commodores batting - Pitching for Wake Forest Demon Deacons : RHP Matthew Albin
Pitching: RHP Matthew Albin
Batting: RHB David Richardson 0-0: Called Strike
0-1: Fly out, F9 (Flyball, 9)
Batting: RHB Branden Kramer 0-0: Called Strike
0-1: Ball
1-1: Ball
2-1: Ball
3-1: Base on Balls
Batting: SHB Justin Daley 0-0: Ball
Wild Pitch!
Branden Kramer to second
1-0: Fly out, F8 (Line Drive, 8LM)
Batting: RHB Cody Faulkner 0-0: Ball
1-0: Foul Ball, location: 2F
1-1: Swinging Strike
1-2: Ball
2-2: Strikes out swinging
Bottom of the 1st over - 0 run(s), 0 hit(s), 0 error(s), 1 left on base; Wake Forest 1 - Vanderbilt 0
TOP OF THE 2ND
Wake Forest Demon Deacons batting - Pitching for Vanderbilt Commodores : RHP Mark Novak
Batting: LHB Taylor Taylor 0-0: Ball
1-0: Ball
2-0: Foul Ball, location: 2F
2-1: SOLO HOME RUN (Flyball, 9D), Distance : 384 ft
Batting: LHB Joaquin Jimenez 0-0: Ball
1-0: Ball
2-0: Ball
3-0: Called Strike
3-1: Base on Balls
Batting: RHB Chris Walker 0-0: Fielders Choice at 2nd, 6-4 (Groundball, 6M)
Batting: RHB Caleb Doubleday 0-0: SINGLE (Popup, 6MD)
Chris Walker to second
Batting: RHB Chris Heron 0-0: Swinging Strike
0-1: Foul Ball, location: 2F
0-2: Ball
1-2: Ball
2-2: Fly out, F4 (Popup, 4)
Batting: LHB Mark Schumann 0-0: Ball
1-0: Foul Ball, location: 2F
1-1: SINGLE (Groundball, 34D)
Chris Walker to third
Caleb Doubleday to second
Runner from 3rd tries for Home, SAFE, no throw
Batting: LHB Pete Lau 0-0: Ball
1-0: Ground out 4-3 (Groundball, 4)
Top of the 2nd over - 2 run(s), 3 hit(s), 0 error(s), 2 left on base; Wake Forest 3 - Vanderbilt 0
BOTTOM OF THE 2ND
Vanderbilt Commodores batting - Pitching for Wake Forest Demon Deacons : RHP Matthew Albin
Batting: SHB Frank Gaylord 0-0: Called Strike
0-1: Called Strike
0-2: Strikes out looking
Batting: RHB Justin Fletcher 0-0: Fly out, F7 (Flyball, 78D)
Batting: RHB Pat Jackson 0-0: Ball
1-0: Fly out, F6 (Popup, P)
Bottom of the 2nd over - 0 run(s), 0 hit(s), 0 error(s), 0 left on base; Wake Forest 3 - Vanderbilt 0
TOP OF THE 3RD
Wake Forest Demon Deacons batting - Pitching for Vanderbilt Commodores : RHP Mark Novak
Batting: SHB Dustin Overstreet 0-0: Called Strike
0-1: Ball
1-1: Ball
2-1: Swinging Strike
2-2: Strikes out swinging
Batting: RHB Tom Tighe 0-0: Ball
1-0: Foul Ball, location: 2F
1-1: Ball
2-1: Called Strike
2-2: Foul Ball, location: 2F
2-2: Strikes out swinging
Batting: LHB Taylor Taylor 0-0: Called Strike
0-1: Ball
1-1: Fly out, F8 (Flyball, 8RM)
Top of the 3rd over - 0 run(s), 0 hit(s), 0 error(s), 0 left on base; Wake Forest 3 - Vanderbilt 0
BOTTOM OF THE 3RD
Vanderbilt Commodores batting - Pitching for Wake Forest Demon Deacons : RHP Matthew Albin
Batting: RHB Curt Oriani 0-0: Called Strike
0-1: Ball
1-1: Foul Ball, location: 2F
1-2: Strikes out swinging
Batting: RHB Nick Eminhizer 0-0: Called Strike
0-1: Ball
1-1: Fly out, F9 (Flyball, 9LM)
Batting: RHB David Richardson 0-0: Foul Ball, location: 2F
0-1: Ball
1-1: Ball
2-1: Foul Ball, location: 2F
2-2: SINGLE (Popup, 6MS)
Batting: RHB Branden Kramer 0-0: Called Strike
0-1: Foul Ball, location: 2F
0-2: Ball
1-2: 2-RUN HOME RUN (Line Drive, 7LD), Distance : 363 ft
Batting: SHB Justin Daley 0-0: Called Strike
0-1: Called Strike
0-2: Ball
1-2: Ball
2-2: Ball
3-2: Base on Balls
Batting: RHB Cody Faulkner 0-0: Called Strike
0-1: Ball
1-1: Ground out 5-3 (Groundball, 56)
Bottom of the 3rd over - 2 run(s), 2 hit(s), 0 error(s), 1 left on base; Wake Forest 3 - Vanderbilt 2
TOP OF THE 4TH
Wake Forest Demon Deacons batting - Pitching for Vanderbilt Commodores : RHP Mark Novak
Batting: LHB Joaquin Jimenez 0-0: Called Strike
0-1: Ball
1-1: Foul Ball, location: 2F
1-2: Strikes out swinging
Batting: RHB Chris Walker 0-0: Called Strike
0-1: Called Strike
0-2: Ball
1-2: Ball
2-2: Foul Ball, location: 2F
2-2: Fly out, F9 (Flyball, 9D)
Batting: RHB Caleb Doubleday 0-0: Foul Ball, location: 2F
0-1: Called Strike
0-2: Foul Ball, location: 2F
0-2: Ball
1-2: Foul Ball, location: 2F
1-2: Foul Ball, location: 2F
1-2: Ball
2-2: Foul Ball, location: 2F
2-2: Ball
3-2: SINGLE (Line Drive, 8LS)
Batting: RHB Chris Heron 0-0: Called Strike
0-1: Fly out, F8 (Flyball, 8LD)
Top of the 4th over - 0 run(s), 1 hit(s), 0 error(s), 1 left on base; Wake Forest 3 - Vanderbilt 2
BOTTOM OF THE 4TH
Vanderbilt Commodores batting - Pitching for Wake Forest Demon Deacons : RHP Matthew Albin
Batting: SHB Frank Gaylord 0-0: Ball
1-0: Ball
2-0: DOUBLE (Line Drive, 9LM)
Batting: RHB Justin Fletcher 0-0: Ball
1-0: Ball
2-0: Called Strike
2-1: Ball
3-1: Fly out, F3 (Popup, 23F)
Batting: RHB Pat Jackson 0-0: Called Strike
0-1: Ball
1-1: Ball
2-1: Ground out 6-3 (Groundball, 6)
Frank Gaylord to third
Batting: RHB Curt Oriani 0-0: Ball
1-0: Ball
2-0: Called Strike
2-1: Ball
3-1: Base on Balls
Batting: RHB Nick Eminhizer 0-0: Ball
1-0: Called Strike
1-1: Ball
2-1: DOUBLE (Line Drive, 7LM)
Frank Gaylord scores
Curt Oriani to third
Runner from 3rd tries for Home, SAFE, no throw
Batting: RHB David Richardson 0-0: Called Strike
0-1: Ball
1-1: Foul Ball, location: 2F
1-2: Strikes out swinging
Bottom of the 4th over - 2 run(s), 2 hit(s), 0 error(s), 1 left on base; Wake Forest 3 - Vanderbilt 4
TOP OF THE 5TH
Wake Forest Demon Deacons batting - Pitching for Vanderbilt Commodores : RHP Mark Novak
Batting: LHB Mark Schumann 0-0: SINGLE (Line Drive, 4D)
Batting: LHB Pete Lau 0-0: Ball
1-0: Ball
2-0: Foul Ball, location: 2F
2-1: Called Strike
2-2: Ground out U3 (Groundball, 3)
Mark Schumann to second
Batting: SHB Dustin Overstreet 0-0: Ball
1-0: Ball
2-0: Ball
3-0: Called Strike
3-1: Foul Ball, location: 2F
3-2: Foul Ball, location: 2F
3-2: Fly out, F7 (Flyball, 7D)
Pitching: RHP Josh Reiner
Batting: RHB Tom Tighe 0-0: Ball
1-0: Ball
2-0: Ball
3-0: Called Strike
3-1: Foul Ball, location: 2F
3-2: Strikes out looking
Top of the 5th over - 0 run(s), 1 hit(s), 0 error(s), 1 left on base; Wake Forest 3 - Vanderbilt 4
BOTTOM OF THE 5TH
Vanderbilt Commodores batting - Pitching for Wake Forest Demon Deacons : RHP Matthew Albin
Pitching: RHP Sean Walton
Batting: RHB Branden Kramer 0-0: Ball
1-0: Fly out, F9 (Flyball, 89M)
Now in RF: Karl Kelly
Batting: SHB Justin Daley 0-0: Foul Ball, location: 2F
0-1: Called Strike
0-2: Foul Ball, location: 2F
0-2: Ground out 6-3 (Groundball, 6)
Batting: RHB Cody Faulkner 0-0: Fly out, F5 (Line Drive, 5S)
Bottom of the 5th over - 0 run(s), 0 hit(s), 0 error(s), 0 left on base; Wake Forest 3 - Vanderbilt 4
TOP OF THE 6TH
Wake Forest Demon Deacons batting - Pitching for Vanderbilt Commodores : RHP Josh Reiner
Batting: LHB Taylor Taylor 0-0: Called Strike
0-1: Ball
1-1: Ground out 5-3 (Groundball, 5)
Batting: LHB Joaquin Jimenez 0-0: Called Strike
0-1: Ball
1-1: DOUBLE (Groundball, 3L)
Batting: RHB Chris Walker 0-0: Foul Ball, location: 2F
0-1: Ball
1-1: Ball
2-1: Called Strike
2-2: Strikes out looking
Batting: RHB Caleb Doubleday 0-0: Called Strike
0-1: Ball
1-1: Swinging Strike
1-2: Foul Ball, location: 2F
1-2: Strikes out swinging
Top of the 6th over - 0 run(s), 1 hit(s), 0 error(s), 1 left on base; Wake Forest 3 - Vanderbilt 4
BOTTOM OF THE 6TH
Vanderbilt Commodores batting - Pitching for Wake Forest Demon Deacons : RHP Sean Walton
Batting: SHB Frank Gaylord 0-0: Ball
1-0: Ball
2-0: Called Strike
2-1: Ground out 6-3 (Groundball, 6)
Batting: RHB Justin Fletcher 0-0: Foul Ball, location: 2F
0-1: Ball
1-1: Swinging Strike
1-2: Ground out 5-3 (Groundball, 5)
Batting: RHB Pat Jackson 0-0: Foul Ball, location: 2F
0-1: Ball
1-1: Ball
2-1: Ball
3-1: Called Strike
3-2: Base on Balls
Batting: RHB Curt Oriani 0-0: Ball
1-0: Swinging Strike
1-1: Ball
2-1: Foul Ball, location: 2F
2-2: Strikes out looking
Bottom of the 6th over - 0 run(s), 0 hit(s), 0 error(s), 1 left on base; Wake Forest 3 - Vanderbilt 4
TOP OF THE 7TH
Wake Forest Demon Deacons batting - Pitching for Vanderbilt Commodores : RHP Josh Reiner
Batting: RHB Chris Heron 0-0: Hit by Pitch
Batting: LHB Mark Schumann 0-0: Ball
1-0: Ball
2-0: Sac Bunt - play at first, batter OUT! 2-4
Chris Heron to second
Pinch Hitting: RHB Jesse Stone 0-0: Called Strike
Chris Heron steals 3rd base
0-1: Fly out, F8 (Flyball, 78M)
Batting: SHB Dustin Overstreet 0-0: Ball
1-0: Called Strike
1-1: Ball
2-1: Ball
3-1: Base on Balls
Batting: RHB Tom Tighe 0-0: Swinging Strike
0-1: Swinging Strike
0-2: Strikes out looking
Top of the 7th over - 0 run(s), 0 hit(s), 0 error(s), 2 left on base; Wake Forest 3 - Vanderbilt 4
BOTTOM OF THE 7TH
Vanderbilt Commodores batting - Pitching for Wake Forest Demon Deacons : RHP Sean Walton
Now in RF: Mike Rider
Batting: RHB Nick Eminhizer 0-0: Ball
1-0: Foul Ball, location: 2F
1-1: Foul Ball, location: 2F
1-2: Ball
2-2: Strikes out swinging
Batting: RHB David Richardson 0-0: Called Strike
0-1: Swinging Strike
0-2: Ball
1-2: Ball
2-2: Ball
3-2: Base on Balls
Batting: RHB Branden Kramer 0-0: Called Strike
0-1: Ball
1-1: Ball
2-1: Foul Ball, location: 2F
2-2: Ground out 4-3 (Groundball, 4S)
David Richardson to second
Batting: SHB Justin Daley 0-0: Called Strike
0-1: Called Strike
0-2: Foul Ball, location: 2F
0-2: Foul Ball, location: 2F
0-2: Ball
1-2: Foul Ball, location: 2F
1-2: Ground out 6-3 (Groundball, 6M)
Bottom of the 7th over - 0 run(s), 0 hit(s), 0 error(s), 1 left on base; Wake Forest 3 - Vanderbilt 4
TOP OF THE 8TH
Wake Forest Demon Deacons batting - Pitching for Vanderbilt Commodores : RHP Josh Reiner
Pitching: LHP Nestor Ortiz
Batting: LHB Taylor Taylor 0-0: SINGLE (Groundball, 4D)
Batting: LHB Joaquin Jimenez 0-0: Ball
1-0: Sac Bunt - play at second, runner OUT! 1-6
Batting: RHB Chris Walker 0-0: Called Strike
0-1: Ball
1-1: Ball
2-1: Foul Ball, location: 2F
2-2: Ball
3-2: Foul Ball, location: 2F
3-2: Foul Ball, location: 2F
3-2: Fly out, F8 (Flyball, 8RM)
Batting: RHB Caleb Doubleday 0-0: Fly out, F9 (Flyball, 9)
Top of the 8th over - 0 run(s), 1 hit(s), 0 error(s), 1 left on base; Wake Forest 3 - Vanderbilt 4
BOTTOM OF THE 8TH
Vanderbilt Commodores batting - Pitching for Wake Forest Demon Deacons : RHP Sean Walton
Pitching: LHP Jared Ziehm
Batting: RHB Cody Faulkner 0-0: Called Strike
0-1: Ground out 6-3 (Groundball, 6)
Batting: SHB Frank Gaylord 0-0: Foul Ball, location: 2F
0-1: Ball
1-1: Called Strike
1-2: Foul Ball, location: 2F
1-2: DOUBLE (Line Drive, 7D)
Batting: RHB Justin Fletcher 0-0: Foul Ball, location: 2F
0-1: Called Strike
0-2: DOUBLE (Line Drive, 7LM)
Frank Gaylord scores
Batting: RHB Pat Jackson 0-0: Ground out 6-3 (Groundball, 6)
Batting: RHB Curt Oriani 0-0: Ball
1-0: Called Strike
1-1: Swinging Strike
1-2: Ball
2-2: Foul Ball, location: 2F
2-2: Strikes out swinging
Bottom of the 8th over - 1 run(s), 2 hit(s), 0 error(s), 1 left on base; Wake Forest 3 - Vanderbilt 5
TOP OF THE 9TH
Wake Forest Demon Deacons batting - Pitching for Vanderbilt Commodores : LHP Nestor Ortiz
Pitching: LHP Joel Burkard
Batting: RHB Chris Heron 0-0: Ground out 4-3 (Groundball, 4)
Batting: LHB Mark Schumann 0-0: Ball
1-0: Ball
2-0: Called Strike
2-1: DOUBLE (Flyball, 89D)
Batting: RHB Mike Rider 0-0: Ball
1-0: Foul Ball, location: 2F
1-1: Ball
2-1: Swinging Strike
2-2: Ball
3-2: Strikes out looking
Batting: SHB Dustin Overstreet 0-0: Swinging Strike
0-1: Called Strike
0-2: Foul Ball, location: 2F
0-2: Ball
1-2: Ball
2-2: Ball
3-2: Strikes out swinging
Top of the 9th over - 0 run(s), 1 hit(s), 0 error(s), 1 left on base; Wake Forest 3 - Vanderbilt 5
Tuesday, October 31st, 2017 - OOTP Baseball 18.8 Build 76